Map: Congelamento ER

Players

TheZergLord - Winner!

  • Race: Zerg Zerg
  • League: Grandmaster

wizardgamer

  • Race: Zerg Zerg
  • League: Master

VOD

Have the link to the VOD?

Description

Time

  • Played on: May 27, 2016, 1:16 p.m.
  • Length: 5:35
Show
View Real Time Build Order
Export as new Build Order

TheZergLord Zerg - Winner!

Build Orders: Hatch First, Zergling Baneling 

Get SALT Encoding   

  12  0:01  Drone  
  13  0:13  Overlord  
  13  0:17  Drone  
  14  0:32  Drone x2  
  14  0:35  Drone  
  17  0:53  Hatchery  
  16  0:57  Drone  
  17  1:11  Spawning Pool  
  16  1:12  Extractor  
  16  1:15  Drone  
  16  1:19  Drone  
  16  1:22  Drone  
  18  1:29  Drone  
  19  1:40  Overlord  
  19  1:58  Queen, Zergling x2  
  22  2:02  Drone  
  22  2:05  Queen  
  22  2:06  Drone  
  26  2:14  Drone  
  27  2:17  Metabolic Boost  
  27  2:24  Drone x2  
  27  2:28  Drone  
  30  2:42  Drone x2, Baneling Nest  
  31  2:57  Hatchery  
  30  3:02  Drone, Overlord  
  31  3:06  Zergling x4  
  32  3:17  Spore Crawler  
  29  3:27  Drone  
  29  3:28  Zergling x12  
  29  3:29  Zergling x2  
  37  3:41  Drone  
  38  3:48  Zergling x4  
  38  3:49  Zergling x2  
  41  3:55  Baneling  
  41  3:56  Baneling x3  
  41  4:00  Zergling x6  
  41  4:02  Overlord  
  44  4:04  Overlord  
  44  4:14  Baneling  
  44  4:15  Baneling x5  
  44  4:19  Queen  
  45  4:25  Zergling x2  
  45  4:26  Zergling x6  
  44  4:53  Zergling x22  
  52  5:04  Baneling x2  
  52  5:05  Baneling x2  
  52  5:06  Baneling  
Show
View Real Time Build Order
Export as new Build Order

wizardgamer Zerg 

Build Orders: Hatch First 

Get SALT Encoding   

  12  0:01  Drone  
  13  0:13  Overlord  
  13  0:17  Drone  
  14  0:33  Drone x2  
  16  0:50  Hatchery  
  16  0:54  Drone  
  17  0:57  Drone  
  17  1:00  Drone  
  18  1:08  Extractor  
  18  1:09  Drone  
  18  1:23  Spawning Pool  
  18  1:24  Drone  
  18  1:39  Drone  
  19  1:46  Drone  
  20  1:51  Overlord  
  20  2:12  Queen x2  
  20  2:13  Zergling x4  
  20  2:15  Drone x2  
  28  2:17  Metabolic Boost  
  28  2:22  Drone  
  29  2:29  Drone  
  30  2:34  Baneling Nest  
  30  2:35  Drone x2  
  31  2:48  Overlord  
  31  2:54  Drone  
  32  2:58  Drone x2  
  34  3:12  Hatchery  
  33  3:17  Drone  
  33  3:18  Drone x3  
  36  3:22  Drone  
  36  3:23  Drone x3  
  39  3:31  Overlord  
  39  3:33  Overlord  
  39  3:40  Extractor  
  39  3:41  Lair  
  38  3:52  Zergling x2  
  38  3:54  Zergling x2  
  40  3:58  Drone  
  40  3:59  Drone x2  
  40  4:02  Drone x3  
  46  4:03  Drone  
  46  4:05  Extractor  
  46  4:09  Drone x2  
  48  4:11  Drone  
  48  4:13  Drone, Extractor  
  49  4:22  Zergling x2  
  50  4:24  Baneling x2  
  50  4:29  Zergling x2  
  50  4:30  Zergling x14  
  58  4:31  Baneling  
  50  4:52  Drone x4  
  53  4:55  Baneling  
  53  4:56  Baneling x3  
  53  4:58  Zergling x8  
  53  4:59  Zergling x2  
  55  5:01  Zergling x2  
  55  5:03  Zergling x2  
  55  5:06  Spire  
Tags
 
Add a new tag
Caveats
  • Supply blocks, unpowered buildings, or Contaminate may cause inaccurate times.
  • Supply counts are checked every 10 seconds.